 Dungeon Sprint DCSS version 0.22-a0-525-gf69a080 (webtiles) character file.

197664 emperorscorpion the Hoplite (level 17, -8/111 HPs)
             Began as a Vine Stalker Berserker on June 21, 2018.
             Was the Champion of Trog.
             Mangled by a golden dragon (12 damage)
             ... in the Dungeon (Sprint IX: "|||||||||||||||||||||||||||||").
             The game lasted 00:44:28 (5333 turns).

emperorscorpion the Hoplite (VSBe)                  Turns: 5333, Time: 00:44:29

Health: -8/111     AC: 21    Str: 24    XL:     17   Next: 15%
Magic:  0/22       EV: 23    Int:  7    God:    Trog [******]
Gold:   66         SH: 30    Dex: 17    Spells: 16/16 levels left

rFire    + . .     SeeInvis .   a - +6 dagger (chaos)
rCold    . . .     Gourm    .   T - +3 large shield
rNeg     . . .     Faith    +   v - +0 swamp dragon scales
rPois    +         Spirit   +   W - +1 helmet
rElec    .         Reflect  .   B - +0 cloak
rCorr    .         Harm     .   E - +0 pair of gloves
MR       ++++.     NoTele   +   q - +0 pair of boots
Stlth    ++++++....             O - amulet of faith
HPRegen  2.08/turn              s - +2 ring of protection
MPRegen  0.18/turn              Q - ring of protection from fire

@: regenerating
A: fangs 3, regeneration 2, magic shield, antimagic bite, no potion heal 3, rot
immunity
}: 4/15 runes: decaying, serpentine, barnacled, gossamer
a: Berserk, Trog's Hand, Brothers in Arms, Renounce Religion


You were in the Dungeon.
You worshipped Trog.
Trog was exalted by your worship.
You were not hungry.

You visited 1 branch You collected 1930 gold pieces.
You spent 1864 gold pieces at shops.

Inventory:

Hand Weapons
 a - a +6 dagger of chaos (weapon)
 b - the +10 short sword of Eternal War {speed, +Fly Str+2}
   (You bought it in a shop in the Dungeon)

   Attacks with this weapon are significantly faster.
   It affects your strength (+2).
   It lets you fly.
 n - the +4 quick blade of the Desolation of Salt {antimagic, +Rage rF+ Str-2}
   (Trog gifted it to you in the Dungeon)

   It reduces the magical energy of the wielder, and disrupts the spells and
   magical abilities of those hit.
   Natural abilities and divine invocations are not affected.
   It affects your strength (-2).
   It protects you from fire.
   It lets you go berserk.
 p - a +1 trishula of holy wrath
 u - the +10 short sword "Punim" {flame, SInv}
   (Trog gifted it to you in the Dungeon)

   It has been specially enchanted to burn those struck by it, causing extra
   injury to most foes and up to half again as much damage against particularly
   susceptible opponents.
   It lets you see invisible.
 G - a +0 blowgun
 H - a +2 rapier of distortion
 K - a +8 antimagic quick blade
 X - a +7 quick blade
 Z - a +4 scimitar of flaming
Missiles
 j - 9 curare-tipped needles
 o - 29 javelins of penetration (quivered)
 M - 9 needles of confusion
 Y - 7 poisoned needles
Armour
 q - a +0 pair of boots (worn)
 v - +0 swamp dragon scales (worn)
 B - a +0 cloak (worn)
 E - a +0 pair of gloves (worn)
 T - a +3 large shield (worn)
 V - +1 fire dragon scales
 W - a +1 helmet (worn)
Jewellery
 m - a +6 ring of strength
 r - an uncursed amulet of regeneration
 s - a +2 ring of protection (left hand)
 F - an uncursed ring of see invisible
 O - an amulet of faith (around neck)
 P - an uncursed ring of ice
 Q - a ring of protection from fire (right hand)
 R - an uncursed ring of protection from cold
 S - an uncursed ring of ice
Wands
 z - a wand of flame (16)
Scrolls
 i - 4 scrolls of blinking
 l - 5 scrolls of remove curse
 w - 4 scrolls of fog
 x - 3 scrolls of fear
 A - a scroll of immolation
 C - 6 scrolls of enchant armour
 D - 8 scrolls of enchant weapon
 L - a scroll of identify
Potions
 d - 8 potions of curing
 e - 16 potions of heal wounds
 f - 6 potions of haste
 g - 4 potions of magic
 h - 2 potions of berserk rage
 k - a potion of invisibility
 t - a potion of mutation
 y - a potion of lignification {unknown}
 J - a potion of agility
 U - a potion of might
Miscellaneous
 N - a box of beasts
Comestibles
 c - 10 rations
 I - 2 chunks of flesh


   Skills:
 + Level 21.6 Fighting
 - Level 14.4 Short Blades
 + Level 15.3 Armour
 + Level 16.8 Dodging
 + Level 16.1 Stealth
 + Level 26.3 Shields
 + Level 6.6 Evocations


You had 16 spell levels left.
You didn't know any spells.
Your spell library was empty.

Dungeon Overview and Level Annotations

Branches:
Dungeon (1/1)

Altars:
Cheibriados
Dithmenos
Elyvilon
Fedhas
Gozag
Hepliaklqana
Kikubaaqudgha
Makhleb
Nemelex Xobeh
Okawaru
Qazlal
Ru
Sif Muna
Trog
Uskayaw
Vehumet
Wu Jian
Xom
Yredelemnul
Zin
The Shining One
Beogh
Jiyva
Lugonu

Shops:
D :(*=


Innate Abilities, Weirdness & Mutations

You have razor-sharp teeth.
You heal very quickly.
When hurt, damage is shared between your health and your magic reserves.
Your bite disrupts and absorbs the magic of your enemies.
Potions cannot restore your health.
You are immune to rotting.


Message History

You hit something but do no damage. You bite something.
You hit something but do no damage. You bite something! You drain its power.
You feel invigorated. Something barely misses you.
Something completely misses you. You block something's attack.
You hit something but do no damage. You bite something. You drain its power.
You closely miss something. Something bites you but does no damage.
Something misses you. Something tramples you.
You stumble backwards!
You hit something. Your bite misses something. Something misses you.
Something claws you but does no damage. Something tramples you!
You stumble backwards!
You hit something but do no damage. Your bite misses something.
You barely miss something. Your bite misses something.
You block something's attack. Something claws you but does no damage.
Something tramples you!!
You stumble backwards!
You closely miss something. Something closely misses you. Something claws you.
Something barely misses you.
You closely miss something. Your bite misses something. Something bites you!!!
* * * LOW HITPOINT WARNING * * *
Something claws you!
You die...

.........'..............[.....[[[
▓▓▓▓▓▓▓▓▓▓▓▓▓▓▓▓▓▓▓▓▓▓▓▓▓▓▓▓▓▓▓▓▓
.................................
▓▓▓▓▓▓▓▓▓▓▓▓▓▓▓▓▓▓♣♣♣♣♣♣♣♣♣♣♣♣♣♣▓
...'.......)....†))[)(.....÷).÷'.
▓▓▓▓▓▓▓▓▓▓▓▓▓▓▓▓▓▓♣♣♣♣♣♣♣♣♣♣♣♣♣♣▓
...........((.)..................
▓▓▓▓▓▓▓▓▓▓▓▓▓▓▓▓▓▓▓▓▓▓▓▓▓▓▓▓▓▓▓▓▓
.)φ[O:D)D)D{@[(.v.).))))[))))
▓▓▓▓▓▓▓▓▓▓▓▓▓▓▓▓▓▓▓▓▓▓▓▓▓▓▓▓▓


You could see 3 shadow dragons and a friendly spatial vortex.

Vanquished Creatures
  Mennas (D)
  Sojobo (D)
  Frederick (D)
  Rupert (D)
  2 titans (D)
  Gastronok (D)
  Frances (D)
  A thorn hunter (D)
  A nagaraja (D)
  4 shadow dragons (D)
  2 tengu reavers (D)
  A fire giant (D)
  A vault warden (D)
  A frost giant (shapeshifter) (D)
  4 ghost moths (D)
  Louise (D)
  An emperor scorpion (D)
  Aizul (D)
  A very ugly thing (D)
  3 ironheart preservers (D)
  2 stone giants (D)
  2 entropy weavers (D)
  Azrael (D)
  4 merfolk impalers (D)
  3 ogre magi (D)
  2 merfolk javelineers (D)
  A fire dragon (shapeshifter) (D)
  A fire dragon (D)
  23 vault guards (D)
  3 naga warriors (D)
  6 hydras (D)
  2 yaktaur captains (D)
  A spriggan air mage (D)
  2 ice dragons (D)
  A merfolk avatar (D)
  A centaur warrior (D)
  A merfolk aquamancer (D)
  A two-headed ogre (D)
  2 tengu warriors (D)
  An alligator (D)
  A vampire mage (D)
  A spriggan (D)
  Sonja (D)
  A deep elf knight (D)
  A hell knight (D)
  A sea snake (D)
  2 unseen horrors (D)
  A spriggan druid (D)
  2 orc knights (D)
  2 naga ritualists (D)
  A swamp dragon (D)
  A necromancer (D)
  2 wolf spiders (D)
  5 orc sorcerers (D)
  An orb spider (D)
  A mana viper (D)
  2 manticores (D)
  3 elephants (D)
  A black mamba (D)
  2 naga magi (D)
  A black mamba (shapeshifter) (D)
  5 guardian serpents (D)
  A vault sentinel (D)
  2 moths of wrath (D)
  4 spiny frogs (D)
  A water nymph (D)
  Psyche (D)
  A komodo dragon (D)
  3 yaktaurs (D)
  2 freezing wraiths (D)
  2 merfolk (D)
  A demonic crawler (D)
  2 jumping spiders (D)
  A hornet (D)
  A troll (D)
  A tyrant leech (D)
  A blink frog (shapeshifter) (D)
  A dream sheep (shapeshifter) (D)
  3 hippogriffs (D)
  2 slime creatures (D)
  2 snapping turtles (D)
  A tarantella (D)
  4 redbacks (D)
  A water elemental (D)
  A spriggan (shapeshifter) (D)
  A shadow (D)
  A wraith (D)
  A yak (D)
  A basilisk (shapeshifter) (D)
  4 fire elementals (D)
  A vampire mosquito (D)
  4 nagas (D)
  A water moccasin (D)
  2 hell hounds (D)
  3 porcupines (D)
  10 orc warriors (D)
  3 swamp drakes (D)
  A centaur (D)
  3 crocodiles (D)
  A bullfrog (D)
  A howler monkey (D)
  A wight (D)
  2 crimson imps (D)
  A quasit (D)
  2 orc priests (D)
  8 orc wizards (D)
  An iguana (D)
  A worker ant (D)
  3 adders (D)
  An adder skeleton (D)
  A dart slug (D)
  10 orcs (D)
  A bat (D)
  A frilled lizard (D)
  A giant cockroach simulacrum (D)
  A kobold (D)
  A quokka skeleton (D)
  A rat (D)
242 creatures vanquished.

Vanquished Creatures (collateral kills)
  Margery (D)
  2 nagarajas (D)
  Ilsuiw (D)
  A fire giant (D)
  An emperor scorpion (D)
  An entropy weaver (D)
  2 stone giants (D)
  2 merfolk javelineers (D)
  A yaktaur captain (D)
  A great orb of eyes (D)
  A spriggan air mage (D)
  A merfolk aquamancer (D)
  A centaur warrior (D)
  An ogre mage (D)
  2 vampire magi (D)
  2 hell knights (D)
  A spriggan berserker (D)
  A deep elf archer (D)
  A necromancer (D)
  An ironbrand convoker (D)
  2 orc knights (D)
  2 orc sorcerers (D)
  A cyclops (D)
  A yaktaur (D)
  A hornet (D)
  A jumping spider (D)
  A polar bear (shapeshifter) (D)
  A slime creature (D)
  A hog (shapeshifter) (D)
  An orc warrior (D)
  An adder skeleton (D)
38 creatures vanquished.

Vanquished Creatures (others)
  A storm dragon (D)
  An entropy weaver (shapeshifter) (D)
  A merfolk aquamancer (D)
  An ogre mage (D)
  2 elephants (D)
  A komodo dragon (D)
  A shadow (D)
  A swamp drake (D)
  A crocodile (D)
10 creatures vanquished.

Grand Total: 290 creatures vanquished

Notes
Turn   | Place    | Note
-------+----------+-------------------------------------------
     0 | D        | emperorscorpion the Vine Stalker Berserker began the quest for the Orb.
     0 | D        | Reached XP level 1. HP: 11/11 MP: 2/2
    18 | D        | Reached ** piety under Trog
    61 | D        | Noticed a worker ant
    61 | D        | Noticed a crimson imp
    64 | D        | Reached XP level 2. HP: 16/16 MP: 1/3
    65 | D        | Killed a crimson imp
    65 | D        | Reached *** piety under Trog
    65 | D        | Reached XP level 3. HP: 21/21 MP: 1/4
    72 | D        | Reached skill level 5 in Fighting
    72 | D        | Reached skill level 5 in Short Blades
    72 | D        | Gained mutation: Your natural rate of healing is unusually fast. [Vine Stalker growth]
    72 | D        | Reached XP level 4. HP: 27/27 MP: 5/5
    82 | D        | Found a roughly hewn altar of Beogh.
    82 | D        | Found a snail-covered altar of Cheibriados.
    82 | D        | Found a shadowy altar of Dithmenos.
    82 | D        | Found a white marble altar of Elyvilon.
    82 | D        | Found a blossoming altar of Fedhas.
    82 | D        | Found an opulent altar of Gozag.
    83 | D        | Found a hazy altar of Hepliaklqana.
    84 | D        | Found a viscous altar of Jiyva.
    85 | D        | Found an ancient bone altar of Kikubaaqudgha.
    86 | D        | Found a corrupted altar of Lugonu.
    87 | D        | Found a burning altar of Makhleb.
    88 | D        | Found a sparkling altar of Nemelex Xobeh.
    89 | D        | Found an iron altar of Okawaru.
    90 | D        | Found a stormy altar of Qazlal.
    91 | D        | Found a sacrificial altar of Ru.
    92 | D        | Found a deep blue altar of Sif Muna.
    93 | D        | Found a bloodstained altar of Trog.
    94 | D        | Found a hide-covered altar of Uskayaw.
    95 | D        | Found a radiant altar of Vehumet.
    96 | D        | Found an ornate altar of the Wu Jian Council.
    97 | D        | Found a shimmering altar of Xom.
    98 | D        | Found a basalt altar of Yredelemnul.
    99 | D        | Found a glowing silver altar of Zin.
   100 | D        | Found a glowing golden altar of the Shining One.
   146 | D        | Noticed a wraith
   149 | D        | Killed a wraith
   149 | D        | Reached **** piety under Trog
   149 | D        | Reached XP level 5. HP: 33/33 MP: 6/6
   149 | D        | Reached XP level 6. HP: 38/38 MP: 7/7
   155 | D        | Reached ***** piety under Trog
   201 | D        | Noticed a troll
   201 | D        | Noticed an orc warrior
   207 | D        | Killed an orc warrior
   211 | D        | Reached XP level 7. HP: 44/44 MP: 8/8
   215 | D        | Killed a troll
   215 | D        | Reached skill level 5 in Armour
   337 | D        | Noticed a hippogriff
   337 | D        | Noticed a spiny frog
   337 | D        | Noticed a komodo dragon
   341 | D        | Reached skill level 10 in Short Blades
   341 | D        | Reached skill level 5 in Dodging
   341 | D        | Noticed a black mamba
   344 | D        | Banished a komodo dragon
   344 | D        | Gained mutation: You have razor-sharp teeth. [Vine Stalker growth]
   344 | D        | Reached XP level 8. HP: 50/50 MP: 9/9
   348 | D        | Killed a spiny frog
   348 | D        | Reached skill level 10 in Fighting
   351 | D        | Killed a hippogriff
   351 | D        | Received a gift from Trog
   362 | D        | Reached XP level 9. HP: 51/55 MP: 10/10
   406 | D        | Noticed a komodo dragon
   410 | D        | Noticed a spiny frog
   419 | D        | Killed a komodo dragon
   422 | D        | Received a gift from Trog
   426 | D        | Killed a spiny frog
   426 | D        | Reached ****** piety under Trog
   429 | D        | Received a gift from Trog
   482 | D        | Noticed an elephant
   482 | D        | Noticed an elephant
   482 | D        | Noticed an elephant
   482 | D        | Noticed an elephant
   482 | D        | Noticed an elephant
   482 | D        | Noticed an elephant
   485 | D        | Banished an elephant
   485 | D        | Reached XP level 10. HP: 62/62 MP: 11/11
   485 | D        | Noticed an elephant
   496 | D        | Killed an elephant
   497 | D        | Killed an elephant
   503 | D        | Banished an elephant
   505 | D        | Killed an elephant
   506 | D        | Noticed an elephant
   645 | D        | Noticed Sonja
   660 | D        | Killed Sonja
   660 | D        | Received a gift from Trog
   661 | D        | Got a bloodstained hunting sling {god gift}
   764 | D        | Noticed Psyche
   774 | D        | Killed Psyche
   843 | D        | Received a gift from Trog
   853 | D        | Reached skill level 1 in Evocations
   892 | D        | Identified the +3 hunting sling of the Middle {speed, -Tele Int+3 Dex+10} (Trog gifted it to you in the Dungeon)
   910 | D        | Noticed an orc knight
   910 | D        | Noticed an orc knight
   951 | D        | Killed an orc knight
   951 | D        | Reached skill level 1 in Stealth
   961 | D        | Reached skill level 10 in Armour
   966 | D        | Killed an orc knight
   966 | D        | Received a gift from Trog
   966 | D        | Reached XP level 11. HP: 35/68 MP: 13/13
  1164 | D        | Found Rigebuhe's Jewellery Boutique.
  1164 | D        | Noticed an orc sorcerer
  1164 | D        | Noticed an orc sorcerer
  1164 | D        | Noticed an orc sorcerer
  1170 | D        | Killed an orc sorcerer
  1171 | D        | Noticed an orc sorcerer
  1172 | D        | Received a gift from Trog
  1173 | D        | Found Nurock's Assorted Antiques.
  1173 | D        | Noticed an orc sorcerer
  1176 | D        | Noticed an orc sorcerer
  1183 | D        | Found Kovies's Weapon Boutique.
  1185 | D        | Killed an orc sorcerer
  1188 | D        | Killed an orc sorcerer
  1192 | D        | Killed an orc sorcerer
  1193 | D        | Received a gift from Trog
  1194 | D        | Found Ryskeax's Book Shop.
  1198 | D        | Killed an orc sorcerer
  1203 | D        | Killed an orc sorcerer
  1241 | D        | Noticed an orc sorcerer
  1243 | D        | Bought an encrusted short sword for 192 gold pieces
  1243 | D        | Bought a scroll of identify for 48 gold pieces
  1243 | D        | Identified the +10 short sword of Eternal War {speed, +Fly Str+2} (You bought it in a shop in the Dungeon)
  1251 | D        | Killed an orc sorcerer
  1251 | D        | Received a gift from Trog
  1255 | D        | Received a gift from Trog
  1267 | D        | Bought a potion of curing for 72 gold pieces
  1267 | D        | Bought a box of beasts for 480 gold pieces
  1267 | D        | Bought a scroll of remove curse for 72 gold pieces
  1267 | D        | Bought 2 potions of haste for 480 gold pieces
  1296 | D        | Bought an uncursed amulet of faith for 520 gold pieces
  1462 | D        | Noticed a two-headed ogre
  1462 | D        | Noticed a tengu warrior
  1467 | D        | Noticed a centaur warrior
  1482 | D        | Killed a tengu warrior
  1482 | D        | Reached skill level 2 in Shields
  1487 | D        | Killed a two-headed ogre
  1487 | D        | Received a gift from Trog
  1487 | D        | Reached skill level 3 in Shields
  1491 | D        | Noticed a vampire mage
  1494 | D        | Noticed a stone giant
  1495 | D        | Noticed a centaur warrior
  1499 | D        | Killed a centaur warrior
  1499 | D        | Reached skill level 4 in Shields
  1503 | D        | Noticed a flayed ghost
  1506 | D        | Got a transparent short sword {god gift}
  1506 | D        | Killed a stone giant
  1507 | D        | Killed a vampire mage
  1507 | D        | Received a gift from Trog
  1507 | D        | Gained mutation: You heal very quickly. [Vine Stalker growth]
  1507 | D        | Reached XP level 12. HP: 75/75 MP: 16/16
  1509 | D        | Noticed a yaktaur captain
  1509 | D        | Killed a centaur warrior
  1512 | D        | Killed a yaktaur captain
  1512 | D        | Reached skill level 5 in Shields
  1514 | D        | Noticed an ogre mage
  1524 | D        | Killed an ogre mage
  1528 | D        | Identified the +2 short sword of Trog's Reproof {antimagic, Stlth+} (Trog gifted it to you in the Dungeon)
  1544 | D        | Received a gift from Trog
  1580 | D        | Noticed Aizul
  1617 | D        | Killed Aizul
  1617 | D        | Reached skill level 15 in Fighting
  1617 | D        | Reached skill level 6 in Shields
  1617 | D        | Reached skill level 5 in Evocations
  1685 | D        | Noticed a naga warrior
  1685 | D        | Noticed a naga warrior
  1783 | D        | Killed a naga warrior
  1833 | D        | Killed a naga warrior
  1833 | D        | Received a gift from Trog
  1833 | D        | Reached skill level 7 in Shields
  1846 | D        | Reached skill level 5 in Stealth
  1859 | D        | Received a gift from Trog
  1913 | D        | Received a gift from Trog
  1913 | D        | Reached skill level 8 in Shields
  2029 | D        | Received a gift from Trog
  2029 | D        | Reached skill level 9 in Shields
  2094 | D        | Reached skill level 10 in Dodging
  2099 | D        | Killed a ghost moth
  2099 | D        | Reached XP level 13. HP: 69/81 MP: 0/18
  2101 | D        | Reached skill level 10 in Shields
  2107 | D        | Killed a ghost moth
  2107 | D        | Received a gift from Trog
  2166 | D        | Reached skill level 11 in Shields
  2178 | D        | Noticed a thorn hunter
  2200 | D        | Received a gift from Trog
  2211 | D        | Killed a thorn hunter
  2211 | D        | Reached skill level 12 in Shields
  2222 | D        | Received a gift from Trog
  2272 | D        | Noticed Azrael
  2316 | D        | Received a gift from Trog
  2346 | D        | Killed Azrael
  2441 | D        | Reached skill level 13 in Shields
  2482 | D        | Noticed Gastronok
  2499 | D        | Killed Gastronok
  2499 | D        | Received a gift from Trog
  2557 | D        | Noticed a fire dragon
  2557 | D        | Noticed an ogre mage
  2557 | D        | Noticed a stone giant
  2565 | D        | Received a gift from Trog
  2566 | D        | Noticed a green very ugly thing
  2567 | D        | Reached skill level 14 in Shields
  2571 | D        | Noticed a fire giant
  2583 | D        | Noticed a great orb of eyes
  2584 | D        | Killed a stone giant
  2601 | D        | Killed a green very ugly thing
  2605 | D        | Killed an ogre mage
  2620 | D        | Killed a fire dragon
  2620 | D        | Reached skill level 15 in Shields
  2625 | D        | Killed a fire giant
  2627 | D        | Killed a great orb of eyes
  2630 | D        | Received a gift from Trog
  2633 | D        | Reached XP level 14. HP: 29/89 MP: 5/19
  2720 | D        | Noticed a stone giant
  2729 | D        | Received a gift from Trog
  2743 | D        | Killed a stone giant
  2743 | D        | Reached skill level 16 in Shields
  2853 | D        | Noticed an ironheart preserver
  2853 | D        | Noticed an ironheart preserver
  2858 | D        | Received a gift from Trog
  2881 | D        | Killed an ironheart preserver
  2899 | D        | Killed an ironheart preserver
  2904 | D        | Noticed a vault warden
  2906 | D        | Received a gift from Trog
  2906 | D        | Reached skill level 17 in Shields
  2914 | D        | Noticed a stone giant
  2924 | D        | Killed a vault warden
  2929 | D        | Killed a stone giant
  2929 | D        | Received a gift from Trog
  2933 | D        | Noticed an entropy weaver
  2935 | D        | Noticed a fire giant
  2936 | D        | Killed an entropy weaver
  2936 | D        | Received a gift from Trog
  2955 | D        | Killed a fire giant
  2955 | D        | Received a gift from Trog
  2955 | D        | Reached skill level 18 in Shields
  3007 | D        | Received a gift from Trog
  3036 | D        | Noticed an entropy weaver
  3049 | D        | Killed an entropy weaver
  3105 | D        | Noticed Frederick
  3199 | D        | Killed Frederick
  3199 | D        | Received a gift from Trog
  3199 | D        | Reached skill level 19 in Shields
  3220 | D        | Noticed Margery
  3234 | D        | Killed Margery
  3253 | D        | Received a gift from Trog
  3333 | D        | Noticed Frances
  3336 | D        | Noticed Mennas
  3340 | D        | Killed Frances
  3340 | D        | Received a gift from Trog
  3387 | D        | Killed Mennas
  3387 | D        | Reached skill level 20 in Shields
  3387 | D        | Reached XP level 15. HP: 95/95 MP: 20/20
  3551 | D        | Noticed Louise
  3594 | D        | Killed Louise
  3629 | D        | Noticed an emperor scorpion
  3643 | D        | Killed a ghost moth
  3643 | D        | Reached skill level 21 in Shields
  3653 | D        | Received a gift from Trog
  3667 | D        | Killed an emperor scorpion
  3670 | D        | Killed a ghost moth
  3674 | D        | Noticed an emperor scorpion
  3678 | D        | Noticed an emperor scorpion
  3687 | D        | Killed an emperor scorpion
  3687 | D        | Received a gift from Trog
  3714 | D        | Got a dazzling short sword {god gift}
  3715 | D        | Identified the +10 short sword "Punim" {flame, SInv} (Trog gifted it to you in the Dungeon)
  3724 | D        | Got a gossamer rune of Zot
  3750 | D        | Noticed Ilsuiw
  3777 | D        | Reached skill level 22 in Shields
  3787 | D        | Received a gift from Trog
  3841 | D        | Killed Ilsuiw
  3849 | D        | Reached skill level 10 in Stealth
  3851 | D        | Received a gift from Trog
  3903 | D        | Received a gift from Trog
  3940 | D        | Got a barnacled rune of Zot
  3968 | D        | Reached skill level 23 in Shields
  3991 | D        | Received a gift from Trog
  4017 | D        | Got a decaying rune of Zot
  4062 | D        | Noticed a nagaraja
  4067 | D        | Noticed a nagaraja
  4083 | D        | Killed a nagaraja
  4083 | D        | Received a gift from Trog
  4086 | D        | Killed a nagaraja
  4092 | D        | Noticed a nagaraja
  4093 | D        | Noticed a nagaraja
  4098 | D        | Received a gift from Trog
  4113 | D        | Noticed a frost giant
  4113 | D        | a nagaraja changed into a frost giant
  4118 | D        | Killed a nagaraja
  4125 | D        | Killed a frost giant
  4125 | D        | Received a gift from Trog
  4125 | D        | Reached skill level 24 in Shields
  4125 | D        | Reached XP level 16. HP: 90/102 MP: 21/21
  4139 | D        | Got an ancient quick blade {god gift}
  4140 | D        | Identified the +4 quick blade of the Desolation of Salt {antimagic, +Rage rF+ Str-2} (Trog gifted it to you in the Dungeon)
  4151 | D        | Got a serpentine rune of Zot
  4324 | D        | Noticed a tengu reaver
  4325 | D        | Noticed Rupert
  4327 | D        | Noticed Sojobo
  4328 | D        | Noticed a tengu reaver
  4344 | D        | Killed a tengu reaver
  4344 | D        | Received a gift from Trog
  4363 | D        | Killed Rupert
  4414 | D        | Killed Sojobo
  4414 | D        | Reached skill level 25 in Shields
  4432 | D        | Killed a tengu reaver
  4432 | D        | Received a gift from Trog
  4576 | D        | Received a gift from Trog
  4635 | D        | Reached skill level 15 in Dodging
  4669 | D        | Received a gift from Trog
  4739 | D        | Reached skill level 15 in Armour
  4747 | D        | Received a gift from Trog
  4833 | D        | Received a gift from Trog
  4879 | D        | Noticed a shadow dragon
  4910 | D        | Noticed a shadow dragon
  5041 | D        | Received a gift from Trog
  5054 | D        | Killed a shadow dragon
  5060 | D        | Reached skill level 15 in Stealth
  5065 | D        | Received a gift from Trog
  5075 | D        | Noticed a shadow dragon
  5092 | D        | Killed a shadow dragon
  5101 | D        | Received a gift from Trog
  5111 | D        | Killed a shadow dragon
  5119 | D        | Noticed a tengu reaver
  5203 | D        | Noticed a storm dragon
  5203 | D        | a tengu reaver changed into a storm dragon
  5205 | D        | Banished a storm dragon
  5213 | D        | Reached XP level 17. HP: 95/110 MP: 22/22
  5246 | D        | Identified the +4 long sword of Uhiklun {slice, rPois rF- rC+ Stlth+} (You found it in the Dungeon)
  5266 | D        | Noticed a titan
  5266 | D        | Noticed a titan
  5267 | D        | Noticed a golden dragon
  5287 | D        | Received a gift from Trog
  5287 | D        | Reached skill level 26 in Shields
  5294 | D        | Killed a titan
  5306 | D        | Killed a titan
  5333 | D        | HP: 4/111 [something (38)]
  5333 | D        | Mangled by a golden dragon

Vault maps used:
D:        linesprint

Skill      XL: |  1  2  3  4  5  6  7  8  9 10 11 12 13 14 15 16 17 |
---------------+----------------------------------------------------+-----
Fighting       | 3 4 5 7 8 9 10 11 13 14 16 17 18 19 21 | 21.6
Short Blades   | 3 4 5 7 8 10 11 13 14 | 14.4
Armour         | 2 3 4 5 6 8 10 12 13 14 15 | 15.3
Dodging        | 2 3 4 5 6 7 8 10 11 12 13 16 | 16.8
Evocations     | 2 4 5 6 |  6.6
Stealth        | 1 3 5 7 9 10 15 16 | 16.1
Shields        | 4 9 15 20 24 25 26 | 26.3

Action                   |  1- 3 |  4- 6 |  7- 9 | 10-12 | 13-15 | 16-18 || total
-------------------------+-------+-------+-------+-------+-------+-------++-------
Melee: Short sword       |    22 |     3 |       |   220 |   543 |   104 ||   892
       Bite              |     7 |     7 |    23 |   184 |   329 |   320 ||   870
       Rapier            |       |    15 |    46 |    24 |       |       ||    85
       Dagger            |       |       |       |    65 |   129 |   544 ||   738
       Quick blade       |       |       |       |    50 |       |       ||    50
Invok: Berserk           |     2 |     2 |     2 |     4 |     9 |     1 ||    20
       Trog's Hand       |       |       |     1 |     8 |     8 |     4 ||    21
       Brothers in Arms  |       |       |       |     6 |    15 |     2 ||    23
Evoke: Wand              |       |       |       |     8 |     2 |       ||    10
  Use: Scroll            |       |       |       |     4 |     1 |     1 ||     6
       Potion            |       |       |       |     1 |       |       ||     1
 Stab: Distracted        |       |       |       |     1 |       |       ||     1
       Sleeping          |       |       |       |       |     1 |       ||     1
       Petrifying        |       |       |       |       |     1 |     6 ||     7
       Petrified         |       |       |       |       |     1 |     2 ||     3
       Confused          |       |       |       |       |       |     3 ||     3
       Paralysed         |       |       |       |       |       |     1 ||     1
  Eat: Chunk             |       |     1 |     4 |    14 |    20 |     8 ||    47
       Ration            |       |       |       |       |     1 |       ||     1
Armor: Animal skin       |     2 |       |       |       |       |       ||     2
       Ring mail         |       |     1 |     7 |    36 |       |       ||    44
       Swamp dragon scal |       |       |       |    18 |    78 |    59 ||   155
Dodge: Dodged            |    11 |     6 |    22 |    86 |   132 |    83 ||   340
Block: Large shield      |       |       |       |    65 |   328 |   273 ||   666

Table legend:
 A = Spawn XP
 B = Non-spawn XP
 C = Spawn XP percentage of total XP
 D = Spawn monster count
 E = Non-spawn monster count
 F = Spawn count percentage of total count
 G = Total turns spent on level
                    A         B        C        D         E        F      G
               +---------+---------+-------+---------+---------+-------+---------
         Total |       0 |  190949 |   0.0 |       0 |     287 |   0.0 |  5333
               +---------+---------+-------+---------+---------+-------+---------
             D |       0 |  190949 |   0.0 |       0 |     287 |   0.0 |  5333
               +---------+---------+-------+---------+---------+-------+---------
